[Event "Titled Tuesday Blitz May 31 Late 2022"]
[White "Vasquez Schroeder, Rodrigo"]
[Black "Martin Carmona, Gaston Manuel"]
[WhiteFideId "3400042"]
[BlackFideId "22284567"]
[WhiteElo "2567"]
[BlackElo "2162"]
[Result "1-0"]
[Round "03"]
[TimeControl "180+1"]
[Date "2022.06.01"]
[WhiteClock "0:00:23"]
[BlackClock "0:00:04"]

1. e4 c5 2. Nf3 d6 3. d4 cxd4 4. Nxd4 Nf6 5. Nc3 g6 6. g3 Nc6 7. Nde2 Bg7 8. Bg2 O-O 9. O-O Rb8 10. a4 a6 11. h3 b5 12. axb5 axb5 13. Rb1 b4 14. Nd5 Nd7 15. b3 Nc5 16. Bb2 Bxb2 17. Rxb2 Bb7 18. Qd2 e6 19. Nxb4 Nxb4 20. Qxb4 Bxe4 21. Qd4 Bxg2 22. Kxg2 Qc7 23. Ra2 Qc6+ 24. Kg1 e5 25. Qe3 Ne6 26. Rd1 Ra8 27. Rda1 Kg7 28. h4 h5 29. b4 Rxa2 30. Rxa2 Qc4 31. Rb2 Rb8 32. c3 Nc5 33. Rd2 Ne4 34. Rd3 d5 35. f3 Nf6 36. Rd2 Re8 37. Kf2 e4 38. Kg2 exf3+ 39. Qxf3 Ng4 40. Rb2 Re3 41. Qf1 Qe4+ 42. Kg1 Rd3 43. Rb1 Ne5 44. Rb2 Ng4 45. Rb1 Qe3+ 46. Kh1 Rd2 47. Re1 Qe4+ 48. Qg2 Qc2 49. Qf3 d4 50. cxd4 Rd3 51. Qf4 Rd2 52. Qf3 Rd1 53. Rxd1 Qxd1+ 54. Kg2 Qd2 55. Qe4 Ne3+ 56. Kf3 Nd1 57. Qe5+ Kh7 58. Nf4 Qf2+ 59. Ke4 Nc3+ 60. Kd3 Qf3+ 61. Kc4 Ne4 62. Nd5 Nd2+ 63. Kc5 Nb3+ 64. Kd6 Qg4 65. Nf6+ Kh6 66. Nxg4+ hxg4 67. Qh8# 1-0


[Site "https://www.chess.com"]

[Event "Titled Tuesday Blitz May 31 Late 2022"]
[White "Vazquez, Facundo"]
[Black "D`Arruda, Ricardo D."]
[WhiteFideId "3007669"]
[BlackFideId "100692"]
[WhiteElo "1984"]
[BlackElo "2431"]
[Result "0-1"]
[Round "03"]
[TimeControl "180+1"]
[Date "2022.06.01"]
[WhiteClock "0:00:19"]
[BlackClock "0:00:20"]

1. d4 Nf6 2. c4 e5 3. dxe5 Ne4 4. Nf3 Nc6 5. Nbd2 Nc5 6. Nb3 Nxb3 7. axb3 Bb4+ 8. Bd2 Qe7 9. e3 O-O 10. Bc3 Nxe5 11. Nxe5 Bxc3+ 12. bxc3 Qxe5 13. Qd4 d6 14. Bd3 Bd7 15. O-O a6 16. f4 Qxd4 17. exd4 Rae8 18. Kf2 Re7 19. Rfe1 Rfe8 20. Rxe7 Rxe7 21. b4 Re8 22. d5 h6 23. Kf3 Kf8 24. f5 f6 25. g4 Re5 26. Kf4 Ke7 27. h4 Bc8 28. g5 hxg5+ 29. hxg5 fxg5+ 30. Kxg5 Re3 31. Rd1 Bd7 32. Kf4 Rh3 33. Rd2 Kf6 34. c5 Rh4+ 35. Kg3 Rh5 36. Rf2 Bxf5 37. c6 b5 38. Bf1 Ke5 39. Ra2 Be4 40. Rxa6 Bxd5 41. Bxb5 Rf5 42. Ra7 Rf3+ 43. Kg4 Rf7 44. c4 Bf3+ 45. Kg3 Kd4 46. Ra1 Kc3 47. Rb1 Be2 48. Re1 Bxc4 49. Rc1+ Kxb4 50. Bxc4 Rf5 51. Be2 Rc5 52. Rb1+ Kc3 53. Rc1+ Kd4 54. Rd1+ Ke5 55. Bf3 d5 56. Kg4 Rc4+ 57. Kg5 d4 58. Kg6 Rc3 59. Bg4 Rg3 60. Kg5 d3 61. Kh4 Re3 62. Bd7 Kd4 63. Kg5 Kc3 64. Kg6 Rg3+ 65. Kf7 d2 66. Bf5 Rf3 67. Ke6 Rxf5 68. Kxf5 Kc2 69. Rxd2+ Kxd2 70. Kg6 Kd3 71. Kxg7 Kd4 72. Kf6 Kd5 73. Kf5 Kxc6 74. Ke4 Kc5 75. Kd3 Kb4 76. Kd4 c5+ 77. Kd3 Kb3 78. Kd2 c4 79. Kc1 Kc3 80. Kd1 Kb2 81. Kd2 c3+ 82. Kd1 c2+ 83. Kd2 c1=Q+ 0-1


[Site "https://www.chess.com"]

[Event "Titled Tuesday Blitz May 31 Late 2022"]
[White "Vypkhaniuk, Ihor"]
[Black "Karas, Marek"]
[WhiteFideId "14112256"]
[BlackFideId "14928558"]
[WhiteElo "2346"]
[BlackElo "2271"]
[Result "0-1"]
[Round "03"]
[TimeControl "180+1"]
[Date "2022.06.01"]
[WhiteClock "0:00:01"]
[BlackClock "0:00:30"]

1. d4 Nf6 2. c4 g6 3. Nc3 Bg7 4. e4 d6 5. Nf3 O-O 6. Be2 Bg4 7. Ng1 Bxe2 8. Ngxe2 c5 9. O-O cxd4 10. Nxd4 Nc6 11. Be3 Qa5 12. h3 Rac8 13. Nxc6 Rxc6 14. Qd3 Rd8 15. Rac1 Nd7 16. b3 a6 17. Nd5 Kf8 18. Bg5 f6 19. Bd2 Qc5 20. b4 Qa7 21. Be3 Qb8 22. f4 Rdc8 23. b5 axb5 24. cxb5 Rxc1 25. Rxc1 Rxc1+ 26. Bxc1 Qa7+ 27. Be3 Qxa2 28. Kh2 Qa8 29. f5 Ne5 30. Qc3 Qd8 31. Nc7 Qd7 32. Ne6+ Kf7 33. b6 d5 34. Qb3 gxf5 35. exd5 Qd6 36. Bf4 Bh6 37. Qg3 Qxd5 38. Bxh6 Kxe6 39. Qg8+ Kd6 40. Qxh7 Qd4 41. Qxf5 Qxb6 42. Bf4 Qd4 43. Bg3 b5 44. Qc8 Qc5 45. Qd8+ Ke6 46. Qg8+ Nf7 47. h4 b4 48. Qg4+ Kd5 49. Qf5+ Kc6 50. Qe6+ Nd6 51. Bf4 Qh5 52. g3 Qf7 0-1


[Site "https://www.chess.com"]

[Event "Titled Tuesday Blitz May 31 Late 2022"]
[White "Wachinger, Guenther"]
[Black "Barria Zuniga, Daniel"]
[WhiteFideId "4604261"]
[BlackFideId "3400816"]
[WhiteElo "2212"]
[BlackElo "2414"]
[Result "0-1"]
[Round "03"]
[TimeControl "180+1"]
[Date "2022.06.01"]
[WhiteClock "0:00:05"]
[BlackClock "0:00:21"]

1. e4 g6 2. d4 Bg7 3. Nc3 c5 4. Nf3 Qa5 5. Be3 Nf6 6. Qd2 Nc6 7. h3 cxd4 8. Nxd4 Nxe4 9. Nxc6 Qxc3 10. bxc3 Nxd2 11. Kxd2 bxc6 12. h4 d6 13. Bd3 Be6 14. Rhb1 c5 15. Be4 d5 16. Bf3 Kd7 17. Bxc5 Rhc8 18. Bd4 Bxd4 19. cxd4 Rc4 20. c3 Rac8 21. Rb7+ Kd6 22. Rc1 Ra4 23. Rc2 Ra3 24. Rb3 Ra4 25. Rb4 Rc4 26. Rb8 Ra3 27. Rb3 Rca4 28. Rxa3 Rxa3 29. Rb2 Bd7 30. Bd1 f6 31. Bb3 e5 32. Ke3 a5 33. dxe5+ fxe5 34. Kd2 Kc5 35. Bd1 Bb5 36. g3 a4 37. Bc2 Bc4 38. Bb1 d4 39. cxd4+ exd4 40. Rb8 Bxa2 41. Rc8+ Kb6 42. Bxa2 Rxa2+ 43. Kd3 Rxf2 44. Kxd4 a3 45. Ra8 a2 46. Ke5 Kc5 47. g4 h5 48. gxh5 gxh5 49. Ra7 Kc4 50. Ra3 Kb4 51. Ra8 Kb3 52. Rb8+ Kc2 53. Rc8+ Kb1 54. Rb8+ Rb2 55. Ra8 a1=Q 56. Rxa1+ Kxa1 57. Kf6 Rb5 58. Kg6 Ka2 0-1


[Site "https://www.chess.com"]

[Event "Titled Tuesday Blitz May 31 Late 2022"]
[White "Zakarian, David"]
[Black "Djokic, Mihailo"]
[WhiteFideId "13301276"]
[BlackFideId "976440"]
[WhiteElo "2452"]
[BlackElo "2202"]
[Result "0-1"]
[Round "03"]
[TimeControl "180+1"]
[Date "2022.06.01"]
[WhiteClock "0:00:03"]
[BlackClock "0:00:16"]

1. e4 c5 2. Nf3 d6 3. Bb5+ Bd7 4. Bxd7+ Qxd7 5. O-O Nc6 6. c3 Nf6 7. d4 cxd4 8. cxd4 d5 9. e5 Ne4 10. Ne1 f6 11. f3 Ng5 12. Be3 Nf7 13. f4 e6 14. exf6 gxf6 15. Nc3 f5 16. Nd3 Bd6 17. Qh5 O-O-O 18. Nb5 Kb8 19. Rfc1 a6 20. Nxd6 Nxd6 21. Nc5 Qc8 22. Rc3 Nb5 23. Rb3 Ka8 24. Qf7 Rhe8 25. a4 Re7 26. Qf6 Nd6 27. Rc1 Rf8 28. Qh4 Nc4 29. Bf2 Rff7 30. Qg3 Rg7 31. Qc3 Qb8 32. Qe1 Qxf4 33. Rd1 e5 34. Bg3 Qg4 35. dxe5 f4 36. Rxd5 fxg3 37. Rxg3 Qc8 38. Rxg7 Rxg7 39. e6 Ne7 40. Rh5 Qc6 41. g3 Qf3 42. b3 Qxh5 43. bxc4 Qxc5+ 0-1


[Site "https://www.chess.com"]

[Event "Titled Tuesday Blitz May 31 Late 2022"]
[White "Zaksaite, Salomeja"]
[Black "Bilan, Danila"]
[WhiteFideId "12801496"]
[BlackFideId "24161918"]
[WhiteElo "1953"]
[BlackElo "2164"]
[Result "1-0"]
[Round "03"]
[TimeControl "180+1"]
[Date "2022.06.01"]
[WhiteClock "0:00:10"]
[BlackClock "0:00:09"]

1. e4 c6 2. d4 d5 3. exd5 cxd5 4. Bd3 Nc6 5. c3 Qc7 6. h3 g6 7. Nf3 Bf5 8. Be2 Nf6 9. Nbd2 Bg7 10. Nf1 O-O 11. Ng3 Bd7 12. O-O Rfe8 13. Re1 Rad8 14. Bd3 a6 15. a4 Rb8 16. Ne5 Nxe5 17. dxe5 Ne4 18. Nxe4 dxe4 19. Bxe4 Bxe5 20. Qf3 b5 21. a5 Bg7 22. Be3 e5 23. Bb6 Qc8 24. Ba7 f5 25. Bd5+ Kh8 26. Bxb8 Qxb8 27. Red1 Re7 28. Bc6 Be6 29. Rd2 e4 30. Qe3 Be5 31. Qb6 Kg7 32. Rd8 Qc7 33. Rad1 g5 34. Qxa6 h6 35. Qb6 f4 36. b4 e3 37. Qxc7 Bxc7 38. Re8 Rxe8 39. Bxe8 Bc4 40. fxe3 fxe3 41. Bh5 Bg3 42. Rd7+ Kf8 43. Rd8+ Ke7 44. Re8+ Kd6 45. Rxe3 Be5 46. Rxe5 Kxe5 47. a6 Kd6 48. a7 Bd5 49. Bf3 Bxf3 50. gxf3 Kd5 51. a8=Q+ Kc4 52. Qc6+ 1-0


[Site "https://www.chess.com"]

[Event "Titled Tuesday Blitz May 31 Late 2022"]
[White "Abarca Gonzalez, Nicolas"]
[Black "Ambartsumova, Karina"]
[WhiteFideId "3409422"]
[BlackFideId "4166299"]
[WhiteElo "2504"]
[BlackElo "2262"]
[Result "1-0"]
[Round "04"]
[TimeControl "180+1"]
[Date "2022.05.31"]
[WhiteClock "0:00:07"]
[BlackClock "0:00:10"]

1. e4 e5 2. Qh5 Nc6 3. Bc4 Qe7 4. Nc3 Nf6 5. Qh4 Nd4 6. Bb3 d6 7. Nge2 Nxb3 8. axb3 Be6 9. d3 Qd7 10. f4 exf4 11. Nxf4 Be7 12. Nxe6 fxe6 13. O-O O-O 14. Qh3 Rf7 15. Be3 a6 16. Bg5 Raf8 17. Rf3 Ne8 18. Rxf7 Rxf7 19. Be3 Bf6 20. d4 e5 21. Qxd7 Rxd7 22. d5 h6 23. b4 Bg5 24. Bxg5 hxg5 25. Kf2 Nf6 26. h3 Rf7 27. Ke3 g4 28. b5 axb5 29. Nxb5 gxh3 30. gxh3 Ne8 31. Ra8 Kf8 32. c4 g5 33. b4 b6 34. Rc8 Rh7 35. Kf2 Rf7+ 36. Kg3 Re7 37. Kg4 Kf7 38. Kxg5 Nf6 39. Kf5 Ne8 40. h4 Kf8 41. h5 Kg7 42. Kg5 Nf6 43. h6+ Kf7 44. Kf5 Ne8 45. h7 Kg7 46. h8=Q+ Kxh8 47. Nxc7 Rf7+ 48. Ke6 Rxc7 49. Rxe8+ Kg7 50. Re7+ Rxe7+ 51. Kxe7 1-0


[Site "https://www.chess.com"]

[Event "Titled Tuesday Blitz May 31 Late 2022"]
[White "Al-Tarboush, Ward"]
[Black "Melikhov, Evgeny V."]
[WhiteFideId "7601450"]
[BlackFideId "4122046"]
[WhiteElo "2294"]
[BlackElo "1931"]
[Result "1/2-1/2"]
[Round "04"]
[TimeControl "180+1"]
[Date "2022.06.01"]
[WhiteClock "0:00:08"]
[BlackClock "0:00:08"]

1. e4 e5 2. Nf3 Nc6 3. Bb5 a6 4. Ba4 Nf6 5. O-O Nxe4 6. d4 b5 7. Bb3 d5 8. dxe5 Be6 9. Nbd2 Bc5 10. Nxe4 dxe4 11. Bxe6 Qxd1 12. Rxd1 fxe6 13. Ng5 O-O 14. Be3 Bxe3 15. fxe3 Nxe5 16. Nxe6 Rf7 17. Ng5 Re7 18. Nxe4 Nc4 19. Rd4 Nxb2 20. Rf1 Nc4 21. Rf3 Rae8 22. Nc5 Nxe3 23. Nxa6 Nxc2 24. Rd2 Ne3 25. Re2 Nc4 26. Rxe7 Rxe7 27. Nb4 c5 28. Nd3 Re2 29. Nxc5 Rxa2 30. Ne6 h6 31. Rf8+ Kh7 32. Rf7 Kg6 33. Rb7 Nd6 34. Rb6 Rd2 35. Nc5 Kf5 36. h3 Ke5 37. Nd7+ Kd5 38. Kf1 Rb2 39. Rb8 b4 40. Nb6+ Kd4 41. Na4 Rb1+ 42. Ke2 b3 43. Rb4+ Nc4 44. Nb6 Kc5 45. Rxc4+ Kxb6 46. Kd2 Rg1 47. Rb4+ Kc5 48. Rxb3 Rxg2+ 49. Ke1 Kd4 50. Kf1 Rd2 51. Rg3 g5 52. h4 gxh4 53. Rh3 Ke5 54. Rxh4 Kf6 55. Rxh6+ Kg5 56. Rh8 Rd5 57. Kf2 Rf5+ 58. Kg3 Kf6 59. Kg4 Rg5+ 60. Kf4 Rf5+ 61. Ke4 Re5+ 62. Kd4 Rf5 63. Ke4 Re5+ 64. Kd4 Rf5 65. Kc4 Re5 66. Rh6+ Kf5 67. Rh5+ Kf6 68. Rxe5 Kxe5 1/2-1/2


[Site "https://www.chess.com"]

[Event "Titled Tuesday Blitz May 31 Late 2022"]
[White "Balabayeva, Xeniya"]
[Black "Boder, Jan"]
[WhiteFideId "13719688"]
[BlackFideId "16243226"]
[WhiteElo "1941"]
[BlackElo "2064"]
[Result "1-0"]
[Round "04"]
[TimeControl "180+1"]
[Date "2022.06.01"]
[WhiteClock "0:00:03"]
[BlackClock "0:00:02"]

1. e4 c5 2. Nf3 g6 3. g3 Bg7 4. Bg2 Nc6 5. O-O d6 6. Nc3 h5 7. h4 Bg4 8. Ne2 e5 9. d3 Nge7 10. Be3 O-O 11. Nh2 Bxe2 12. Qxe2 Nd4 13. Qd2 Rb8 14. c3 Ne6 15. Bh3 f5 16. exf5 Nxf5 17. Rae1 Qf6 18. Nf3 Nxe3 19. fxe3 Qe7 20. Qg2 Bh6 21. g4 Kh7 22. g5 Bg7 23. Nd2 Nc7 24. c4 b5 25. b3 bxc4 26. dxc4 Rbe8 27. Qc6 e4 28. Rxf8 Bxf8 29. Rf1 Bg7 30. Rf4 Qe5 31. Nxe4 Re7 32. Qxd6 Qxd6 33. Nxd6 Rxe3 34. Rf7 Rxh3 35. Rxc7 Kg8 36. Ne8 Bd4+ 37. Kg2 Rxh4 38. Nf6+ Bxf6 39. gxf6 Rf4 40. Rg7+ Kf8 41. Rxg6 Rf5 42. Rh6 Kf7 43. Rh7+ Kxf6 44. Rxa7 Ke5 45. Rd7 Ke4 46. Kg3 h4+ 47. Kh3 Rf2 48. Rd5 Rxa2 49. Rxc5 Rb2 50. Rb5 1-0


[Site "https://www.chess.com"]

[Event "Titled Tuesday Blitz May 31 Late 2022"]
[White "Barria Zuniga, Daniel"]
[Black "Demchenko, Anton"]
[WhiteFideId "3400816"]
[BlackFideId "4160258"]
[WhiteElo "2414"]
[BlackElo "2539"]
[Result "0-1"]
[Round "04"]
[TimeControl "180+1"]
[Date "2022.05.31"]
[WhiteClock "0:00:13"]
[BlackClock "0:00:14"]

1. d4 Nf6 2. c4 g6 3. Nc3 Bg7 4. e4 d6 5. Be2 O-O 6. Nf3 e5 7. d5 a5 8. Bg5 Na6 9. Nd2 Nc5 10. O-O b6 11. Qc2 h6 12. Bh4 Qe8 13. b3 Nh7 14. a3 f5 15. f3 Bf6 16. Bf2 Bg5 17. Rab1 Nf6 18. b4 axb4 19. axb4 fxe4 20. Ndxe4 Ncxe4 21. Nxe4 Bf5 22. Bd3 Bxe4 23. Bxe4 Nxe4 24. fxe4 Qa4 25. Qe2 Qa2 26. Qg4 Rxf2 27. h4 Be3 28. Qxg6+ Kh8 29. Kh1 Rg8 30. Qf6+ Rxf6 0-1


[Site "https://www.chess.com"]

[Event "Titled Tuesday Blitz May 31 Late 2022"]
[White "Batsiashvili, Nino"]
[Black "Bryakin, Mikhail"]
[WhiteFideId "13602993"]
[BlackFideId "4165314"]
[WhiteElo "2193"]
[BlackElo "2417"]
[Result "1-0"]
[Round "04"]
[TimeControl "180+1"]
[Date "2022.06.01"]
[WhiteClock "0:00:45"]
[BlackClock "0:00:42"]

1. d4 Nf6 2. c4 g6 3. Nc3 Bg7 4. e4 O-O 5. h3 c5 6. Nf3 cxd4 7. Nxd4 Nc6 8. Be3 d6 9. Be2 Bd7 10. O-O Nxd4 11. Bxd4 Bc6 12. Qc2 Nd7 13. Bxg7 Kxg7 14. Nd5 Rc8 15. h4 h5 16. Qc3+ Kg8 17. Qg3 Bxd5 18. exd5 Nf6 19. Rad1 b5 20. cxb5 Rc2 21. Bd3 Rxb2 22. Bxg6 fxg6 23. Qxg6+ Kh8 24. Qh6+ Nh7 25. Qxh5 Rxa2 26. Rd3 Qe8 27. Qg4 Nf6 28. Qc4 Ra5 29. Rg3 Rxb5 30. Re1 Rxd5 31. Qf4 Rh5 32. Rg5 Rh7 33. Qd4 Qd7 34. h5 e5 35. Qh4 Qf7 36. h6 Rg8 37. Rb1 Rxg5 38. Qxg5 Ng8 39. Rb8 a5 40. Rxg8+ Qxg8 41. Qf6+ Rg7 42. hxg7+ Qxg7 43. Qxd6 a4 44. Qd8+ Kh7 45. Qh4+ Qh6 46. Qxa4 Qc1+ 47. Kh2 Qh6+ 48. Kg3 Qg6+ 49. Qg4 Qd3+ 50. f3 Qe2 51. Qe4+ Qxe4 52. fxe4 Kg7 53. Kg4 Kg6 54. g3 1-0


[Site "https://www.chess.com"]

[Event "Titled Tuesday Blitz May 31 Late 2022"]
[White "Bazeev, German"]
[Black "Sarana, Alexey"]
[WhiteFideId "24119350"]
[BlackFideId "24133795"]
[WhiteElo "2493"]
[BlackElo "2666"]
[Result "1-0"]
[Round "04"]
[TimeControl "180+1"]
[Date "2022.05.31"]
[WhiteClock "0:01:08"]
[BlackClock "0:01:05"]

1. d4 Nf6 2. Nf3 e6 3. c3 b6 4. Bg5 Bb7 5. Nbd2 Be7 6. e3 d6 7. Bd3 Nbd7 8. Qe2 h6 9. Bh4 g5 10. Bg3 Nh5 11. Ba6 Qc8 12. Bxb7 Qxb7 13. e4 Ndf6 14. O-O-O O-O-O 15. Rhe1 Kb8 16. Ng1 Nxg3 17. hxg3 h5 18. Nh3 Rdg8 19. Rh1 Qc6 20. Rde1 Kb7 21. Kb1 Rh7 22. a3 h4 23. g4 a6 24. f3 Qb5 25. c4 Qa4 26. Nf2 Nd7 27. Qd3 Bf6 28. e5 dxe5 29. Qxh7 Rg7 30. Qc2 Qxc2+ 31. Kxc2 exd4 32. Nd3 c5 33. g3 Be7 34. Rh3 f5 35. Rxe6 Bd8 36. gxf5 hxg3 37. Rxg3 Rf7 38. Rh3 Rxf5 39. Rh7 Kc8 40. Re8 Rf8 41. Rxf8 Nxf8 42. Rf7 Ng6 43. Ne4 Be7 44. b4 cxb4 45. Rg7 bxa3 46. Rxg6 a2 47. Kb2 1-0


[Site "https://www.chess.com"]

[Event "Titled Tuesday Blitz May 31 Late 2022"]
[White "Bortnyk, Olexandr"]
[Black "Donchenko, Alexander"]
[WhiteFideId "14120828"]
[BlackFideId "24603295"]
[WhiteElo "2723"]
[BlackElo "2572"]
[Result "1-0"]
[Round "04"]
[TimeControl "180+1"]
[Date "2022.05.31"]
[WhiteClock "0:00:06"]
[BlackClock "0:00:02"]

1. d4 Nf6 2. Nc3 d5 3. Bf4 c5 4. e4 dxe4 5. dxc5 Qxd1+ 6. Rxd1 a6 7. Na4 Nbd7 8. Bc7 e6 9. Nb6 Nxb6 10. Rd8+ Ke7 11. cxb6 Nd5 12. Ne2 g6 13. Nc3 Nxc3 14. bxc3 Bg7 15. Rxh8 Bxc3+ 16. Ke2 Bxh8 17. Ke3 f5 18. Bc4 Bd7 19. Rd1 Bc3 20. g4 Bb4 21. Kf4 h6 22. g5 h5 23. h4 Bb5 24. Bb3 Rc8 25. a4 Bc6 26. Kg3 Ba5 27. Bd6+ Kf7 28. Bc7 Rxc7 29. bxc7 Bxc7+ 30. Kg2 Ke7 31. Kf1 a5 32. Rb1 b6 33. Rd1 Be5 34. Rb1 Bd4 35. Rd1 Bc5 36. c3 f4 37. Bc2 Kf7 38. Re1 e3 39. fxe3 Bxe3 40. Rd1 f3 41. Re1 Bd2 42. Bxg6+ Ke7 43. Rd1 Bf4 44. Bxh5 Bxa4 45. Rd4 Bb5+ 46. c4 Be3 47. Re4 a4 48. cxb5 Bc5 49. Rxa4 1-0


[Site "https://www.chess.com"]

[Event "Titled Tuesday Blitz May 31 Late 2022"]
[White "Buchenau, Frank"]
[Black "Tregubov, Pavel V."]
[WhiteFideId "4604350"]
[BlackFideId "4115341"]
[WhiteElo "2157"]
[BlackElo "2341"]
[Result "1/2-1/2"]
[Round "04"]
[TimeControl "180+1"]
[Date "2022.06.01"]
[WhiteClock "0:00:11"]
[BlackClock "0:00:06"]

1. e4 e5 2. Bc4 Nf6 3. d3 c6 4. Nf3 d5 5. Bb3 Bb4+ 6. Bd2 Bxd2+ 7. Nbxd2 O-O 8. O-O Nbd7 9. Re1 Re8 10. d4 Qc7 11. exd5 cxd5 12. Nxe5 Nxe5 13. dxe5 Rxe5 14. Nf3 Rxe1+ 15. Qxe1 Bf5 16. Qe5 Qxe5 17. Nxe5 Re8 18. Re1 Kf8 19. Kf1 Ne4 20. Nf3 Bg4 21. Rd1 Ng5 22. Bxd5 Rd8 23. Rd3 Bf5 24. Rd2 Nxf3 25. gxf3 Bxc2 26. Rxc2 Rxd5 27. Rc7 Rb5 28. b3 g5 29. Ke2 Kg7 30. Ke3 Kg6 31. f4 a6 32. fxg5 b6 33. f4 a5 34. Kf3 Rb4 35. Kg4 a4 36. bxa4 Rxa4 37. Rc6+ Kg7 38. Rxb6 Rxa2 39. h4 Rg2+ 40. Kf5 Ra2 41. h5 Ra5+ 42. Kg4 Ra8 43. Rb7 Kf8 44. h6 Rc8 45. Ra7 Rb8 46. Kf5 Rb5+ 47. Ke4 Rb8 48. Ke5 Rb5+ 49. Kf6 Rb6+ 50. Ke5 Rb5+ 51. Ke4 Rb4+ 52. Kf3 Rb3+ 53. Kg4 Rb8 54. Rc7 Ra8 55. f5 Rb8 56. g6 Rb4+ 57. Kg5 fxg6 58. fxg6 Rb5+ 59. Kf4 Rb4+ 60. Ke5 hxg6 61. Kf6 Rb6+ 62. Kg5 Kg8 63. Rg7+ Kh8 64. Rxg6 Rxg6+ 65. Kxg6 Kg8 66. h7+ Kh8 67. Kh6 1/2-1/2


[Site "https://www.chess.com"]

[Event "Titled Tuesday Blitz May 31 Late 2022"]
[White "D`Arruda, Ricardo D."]
[Black "Piesik, Piotr"]
[WhiteFideId "100692"]
[BlackFideId "1136194"]
[WhiteElo "2443"]
[BlackElo "2190"]
[Result "0-1"]
[Round "04"]
[TimeControl "180+1"]
[Date "2022.06.01"]
[WhiteClock "0:00:25"]
[BlackClock "0:00:34"]

1. e4 g6 2. d4 Bg7 3. Nc3 c6 4. Nf3 d6 5. Bg5 Nf6 6. Qd2 O-O 7. O-O-O b5 8. e5 Ne8 9. Bd3 Bg4 10. Bh6 Bxf3 11. gxf3 dxe5 12. dxe5 Qd4 13. Bxg7 Nxg7 14. f4 Nd7 15. Be4 Qxd2+ 16. Rxd2 Nb8 17. Nxb5 a5 18. Nd4 Ra6 19. Rhd1 e6 20. Nb3 Nh5 21. Nc5 Rb6 22. Nd3 Na6 23. Bf3 Ng7 24. a3 Nf5 25. Be4 Nd4 26. Ne1 c5 27. Kb1 Rfb8 28. c3 Nb5 29. Rd8+ Kg7 30. Rxb8 Rxb8 31. Kc2 c4 32. Bc6 Nc5 33. Bxb5 Rxb5 34. Rd4 Na4 35. Rxc4 Rxb2+ 36. Kc1 Re2 37. Kd1 Nb2+ 38. Kxe2 Nxc4 39. Nc2 g5 40. Kd3 Nb2+ 41. Ke4 gxf4 42. Kxf4 Nd3+ 43. Ke3 Nxe5 44. h3 f5 45. Kd4 Kf6 46. Kc5 Nd3+ 47. Kb5 Nxf2 48. Kxa5 e5 49. a4 Ne4 50. Kb4 f4 51. Ne1 Nd6 52. a5 e4 53. Kc5 Ke5 54. a6 Nc8 55. Kc6 f3 56. Nc2 Kf4 57. Kb7 f2 58. Kxc8 f1=Q 59. a7 Qa6+ 60. Kb8 Qb6+ 61. Ka8 Qc7 0-1


[Site "https://www.chess.com"]

[Event "Titled Tuesday Blitz May 31 Late 2022"]
[White "De Souza, Cristiano Gomes"]
[Black "Beulen, Marcel"]
[WhiteFideId "2151758"]
[BlackFideId "1001450"]
[WhiteElo "2068"]
[BlackElo "2343"]
[Result "0-1"]
[Round "04"]
[TimeControl "180+1"]
[Date "2022.06.01"]
[WhiteClock "0:00:14"]
[BlackClock "0:00:06"]

1. d4 d5 2. c4 c6 3. Nf3 Nf6 4. Nc3 dxc4 5. a4 Bf5 6. e3 e6 7. Bxc4 Bb4 8. O-O Nbd7 9. Bd3 Bg6 10. Qe2 O-O 11. e4 Bh5 12. e5 Nd5 13. Nxd5 cxd5 14. h3 Re8 15. g4 Bg6 16. Bd2 Be7 17. Rfc1 Rc8 18. Rxc8 Qxc8 19. Rc1 Qb8 20. b4 Rc8 21. Bxg6 hxg6 22. Qd3 Rxc1+ 23. Bxc1 Qc7 24. Bd2 a6 25. Ne1 Nb6 26. a5 Nc4 27. Bc3 Qc6 28. Nc2 Qa4 29. Kg2 Qb3 30. Kf3 g5 31. Ke2 g6 32. Be1 Qb1 33. Ne3 Qa2+ 34. Qc2 Qxc2+ 35. Nxc2 Kf8 36. Kd3 Ke8 37. Ne3 Na3 38. Nc2 Nc4 39. Ne3 Na3 40. Nc2 Nb5 41. Bd2 Kd7 42. f4 gxf4 43. Bxf4 g5 44. Bd2 Kc6 45. Ne1 Na3 46. Nc2 Nb5 47. Ne3 Na3 48. Nc2 Nb1 49. Ne3 Kb5 50. Kc2 Nxd2 51. Kxd2 Bxb4+ 52. Ke2 Bxa5 53. h4 gxh4 54. Ng2 Bd8 55. Kf3 a5 56. Nf4 a4 57. Nd3 a3 58. Nc1 Kc4 59. Ke3 Kc3 60. Na2+ Kb2 0-1


[Site "https://www.chess.com"]

[Event "Titled Tuesday Blitz May 31 Late 2022"]
[White "Djokic, Mihailo"]
[Black "Mickiewicz, Piotr"]
[WhiteFideId "976440"]
[BlackFideId "1114891"]
[WhiteElo "2202"]
[BlackElo "2223"]
[Result "1-0"]
[Round "04"]
[TimeControl "180+1"]
[Date "2022.06.01"]
[WhiteClock "0:00:05"]
[BlackClock "0:00:01"]

1. e4 c5 2. Nf3 d6 3. d4 cxd4 4. Nxd4 Nf6 5. Nc3 e6 6. Be2 a6 7. O-O Qc7 8. f4 Be7 9. Kh1 O-O 10. Be3 b5 11. a3 Bb7 12. Bf3 Nbd7 13. Qe2 Rac8 14. Rad1 Qb8 15. g4 Rxc3 16. bxc3 Nxe4 17. Qg2 Ndc5 18. Nb3 Nxc3 19. Rde1 Bxf3 20. Rxf3 N5a4 21. f5 e5 22. g5 f6 23. g6 h6 24. Qh3 Qa8 25. Nd2 Ne4 26. Bxh6 gxh6 27. Qxh6 Ng5 28. h4 Rf7 29. gxf7+ Kxf7 30. hxg5 Ke8 31. gxf6 Bf8 32. Qg6+ Kd7 33. Qf7+ Kc6 34. Ne4 Kb6 35. Qe6 Nc5 36. Nxc5 Kxc5 37. Qb3 e4 38. Qc3+ Kb6 39. Rfe3 d5 40. Qd4+ Bc5 41. Qe5 1-0


[Site "https://www.chess.com"]

[Event "Titled Tuesday Blitz May 31 Late 2022"]
[White "Estrada Nieto, Julian"]
[Black "Sanchez, Robert"]
[WhiteFideId "5101018"]
[BlackFideId "2034360"]
[WhiteElo "2252"]
[BlackElo "2299"]
[Result "0-1"]
[Round "04"]
[TimeControl "180+1"]
[Date "2022.06.01"]
[WhiteClock "0:00:01"]
[BlackClock "0:00:07"]

1. e4 e6 2. d4 d5 3. Nd2 Nf6 4. e5 Nfd7 5. Bd3 c5 6. c3 Nc6 7. Ne2 cxd4 8. cxd4 f6 9. exf6 Nxf6 10. Nf3 Bd6 11. O-O Qc7 12. Bg5 O-O 13. Bh4 Nh5 14. Qc2 h6 15. Bh7+ Kh8 16. Bg6 Rxf3 17. gxf3 Bxh2+ 18. Kg2 Nf4+ 19. Nxf4 Bxf4 20. Bg3 Bd7 21. Rh1 Rf8 22. Rh4 Bxg3 23. fxg3 Qb6 24. Qd2 Rf6 25. Bc2 Nb4 26. Rah1 Nxc2 27. Qxc2 Qd6 28. Qd2 e5 29. dxe5 Qxe5 30. Re1 Qf5 31. Qf2 d4 32. Rxd4 Qh3+ 33. Kg1 Rg6 34. g4 Bc6 35. Qg2 Qh4 36. Qf2 Qh3 37. Re3 h5 38. Qh2 hxg4 39. Qxh3+ gxh3+ 40. Kh2 Rg2+ 41. Kxh3 Rxb2 42. Rd8+ Kh7 43. Re5 Rxa2 44. f4 Rf2 45. Kg3 Rg2+ 46. Kh3 a5 47. Re6 Rf2 48. Kg3 Rf3+ 49. Kg4 Rf1 50. f5 a4 51. Re7 a3 52. Ra8 Rf3 53. Rc7 Rc3 54. Rcc8 Bf3+ 55. Kg5 Rxc8 56. Rxc8 b5 57. Rc1 b4 58. f6 gxf6+ 59. Kxf6 a2 60. Rc7+ Kg8 61. Ra7 b3 62. Kg6 b2 63. Rxa2 b1=Q+ 64. Kg5 Qxa2 0-1


[Site "https://www.chess.com"]

[Event "Titled Tuesday Blitz May 31 Late 2022"]
[White "Ezat, Mohamed"]
[Black "Ozdemir, Serhan Berat"]
[WhiteFideId "10600906"]
[BlackFideId "6374611"]
[WhiteElo "2386"]
[BlackElo "1920"]
[Result "1/2-1/2"]
[Round "04"]
[TimeControl "180+1"]
[Date "2022.06.01"]
[WhiteClock "0:00:06"]
[BlackClock "0:00:04"]

1. d4 Nf6 2. c4 g6 3. Nc3 Bg7 4. e4 d6 5. Be2 O-O 6. Bg5 c5 7. d5 h6 8. Bf4 e6 9. Qd2 Kh7 10. h3 exd5 11. exd5 Re8 12. Nf3 Bf5 13. O-O Ne4 14. Nxe4 Bxe4 15. Rae1 f5 16. Bd1 Qb6 17. b3 Nd7 18. Nh2 Qb4 19. Qxb4 cxb4 20. Bxd6 Bc3 21. Re3 Nf6 22. a3 a5 23. a4 Rac8 24. g4 Bd4 25. gxf5 Bxe3 26. fxg6+ Bxg6 27. fxe3 Ne4 28. Bf4 Rg8 29. Kh1 Rcf8 30. Bf3 Rxf4 31. exf4 Ng3+ 32. Kg2 Nxf1 33. Kxf1 Bc2 34. Ng4 Rf8 35. c5 Bxb3 36. d6 Bc4+ 37. Kf2 b3 38. Ne5 b2 39. Be4+ Kg7 40. Nxc4 Rxf4+ 41. Kg3 Rxe4 42. Nxb2 Re5 43. Nd3 Rd5 44. Nf4 Rd2 45. Kf3 Kf6 46. Ke3 Rd1 47. Ke4 Re1+ 48. Kd5 Rd1+ 49. Kc4 Rb1 50. Nd5+ Ke6 51. Nf4+ Kd7 52. Kd5 Rd1+ 53. Ke5 Rb1 54. Nd5 Re1+ 55. Kd4 Rd1+ 56. Kc4 Rb1 57. Nc3 Rb4+ 58. Kd5 Rh4 59. Ne4 Rxh3 60. Nf6+ Kd8 61. d7 Rd3+ 62. Ke6 Re3+ 63. Kd6 Rd3+ 64. Ke6 h5 65. Nxh5 Rxd7 66. Nf6 Rd4 67. Nd5 Rxa4 68. Kd6 Ra1 69. c6 bxc6 70. Kxc6 Rb1 71. Kc5 a4 72. Nc3 Rc1 73. Kb4 a3 74. Kb3 Ra1 75. Na2 Rb1+ 76. Kxa3 Rb6 77. Nb4 Kc7 78. Nd5+ Kc6 79. Nxb6 1/2-1/2


[Site "https://www.chess.com"]